 Dungeon Crawl Stone Soup version 0.29.1-12-g30fa7ad0bf (webtiles) character file.

Game seed: 12299151769428999844

20357 raph the Geomancer (level 12, -6/77 HPs)
             Began as a Gargoyle Earth Elementalist on Dec 20, 2022.
             Was an Elder of Sif Muna.
             Mangled by a death yak (13 damage)
             ... on level 2 of the Lair of Beasts.
             The game lasted 00:33:58 (21479 turns).

raph the Geomancer (Gargoyle Earth Elementalist)   Turns: 21479, Time: 00:33:59

Health: -6/77      AC: 16    Str: 11    XL:     12   Next: 78%
Magic:  7/23       EV: 13    Int: 28    God:    Sif Muna [****..]
Gold:   444        SH:  5    Dex: 10    Spells: 3/26 levels left

rFire   . . .      SeeInvis .   b - staff of conjuration
rCold   . . .      Faith    +   r - +0 buckler
rNeg    + . .      Spirit   .   G - +0 steam dragon scales
rPois   ∞          Reflect  .   (no helmet)
rElec   +          Harm     .   p - +1 cloak
rCorr   .          Rampage  .   C - +0 pair of gloves
Will    .....                   (no boots)
Stlth   ++........              H - amulet of faith
HPRegen 0.22/turn               w - +6 ring of intelligence
MPRegen 0.18/turn               t - ring of wizardry

@: about to teleport, studying Fighting
A: sickness immunity, AC +8, negative energy resistance 1, electricity
resistance, torment resistance 1, petrification resistance
a: Renounce Religion, Channel Magic, Forget Spell, Divine Exegesis


You were on level 2 of the Lair of Beasts.
You worshipped Sif Muna.
Sif Muna was greatly pleased with you.
You visited 3 branches of the dungeon, and saw 14 of its levels.
You also visited: Ossuary and Bailey.

You collected 719 gold pieces.
You spent 275 gold pieces at shops.

Inventory:

Hand Weapons
 a - a +3 whip of electrocution
 e - a +0 dagger
Missiles
 f - 59 poisoned darts
Armour
 n - a +0 robe
 p - a +1 cloak (worn)
 r - a +0 buckler (worn)
 C - a +0 pair of gloves (worn)
 G - +0 steam dragon scales (worn)
Magical Staves
 b - a staff of conjuration (weapon)
Jewellery
 q - a ring of resist corrosion
 t - a ring of wizardry (right hand)
 w - a +6 ring of intelligence (left hand)
 B - a ring of protection from cold
 H - an amulet of faith (around neck)
 L - a +6 ring of intelligence
Wands
 l - a wand of iceblast (10)
 o - a wand of flame (42)
 D - a wand of digging (2)
 F - a wand of paralysis (17)
 N - a wand of polymorph (4)
Scrolls
 g - 4 scrolls of silence
 u - 4 scrolls of teleportation
 x - a scroll of vulnerability
 y - a scroll of magic mapping
 A - 9 scrolls of identify
 I - a scroll of amnesia
Potions
 c - 8 potions of might
 d - 3 potions of flight
 h - 5 potions of lignification
 i - 7 potions of curing
 j - 2 potions of resistance
 k - a potion of brilliance
 m - a potion of mutation
 s - 2 potions of attraction
 v - a potion of invisibility
 E - 3 potions of magic
 M - a potion of haste
Miscellaneous
 z - a box of beasts
 K - a lightning rod (4/4)


   Skills:
 + Level 9.8 Fighting
 + Level 6.2 Dodging
 - Level 2.1 Stealth
 - Level 5.0 Shields
 + Level 7.5 Spellcasting
 + Level 10.0 Conjurations
 * Level 4.7 Summonings
 - Level 2.2 Transmutations
 + Level 12.1 Earth Magic
 + Level 7.0 Invocations


You had 3 spell levels left.
You knew the following spells:

 Your Spells              Type           Power      Damage    Failure   Level
a - Sandblast             Erth           100%       2d20      1%          1
b - Passwall              Tmut/Erth      41%        N/A       1%          2
c - Stone Arrow           Conj/Erth      100%       3d13      1%          3
d - Petrify               Tmut/Erth      50%        N/A       1%          4
e - Conjure Flame         Conj/Fire      55%        6-21      1%          3
f - Inner Flame           Hex/Fire       10%        N/A       9%          3
g - Flame Wave            Conj/Fire      55%        2d13      3%          4
h - Call Canine Familiar  Summ           37%        N/A       1%          3

Your spell library contained the following spells:

 Spells                   Type           Power      Damage    Failure   Level
 Foxfire                  Conj/Fire      100%       2x1d9     1%          1
 Summon Small Mammal      Summ           100%       N/A       1%          1
 Wereblood                Tmut           23%        N/A       1%          2
 Apportation              Tloc           20%        N/A       2%          1
 Summon Guardian Golem    Hex/Summ       23%        N/A       3%          3
 Ensorcelled Hibernation  Hex/Ice        20%        N/A       4%          2
 Spider Form              Tmut/Pois      16%        N/A       4%          3
 Anguish                  Hex/Necr       5%         N/A       26%         4
 Summon Hydra             Summ           18%        N/A       95%         7
 Sublimation of Blood     Necr           Unusable   N/A       N/A         2

Dungeon Overview and Level Annotations

Branches:
Dungeon (10/15)            Temple (0/1) D:7            Lair (3/5) D:10
 Shoals (0/4) Lair:3        Snake (1/4) Lair:2      Ossuary (visited)
 Bailey (visited)
    Orc: D:9-12

Altars:
Ashenzari
Elyvilon
Fedhas
Nemelex Xobeh
Qazlal
Ru
Sif Muna
Vehumet
Yredelemnul

Shops:
D:5 =*

Annotations:
Lair:3 Snorg


Innate Abilities, Weirdness & Mutations

You are immune to sickness and miasma.
Your stone body is resilient. (AC +8)
You are immune to poison.
You resist negative energy. (rN+)
You are resistant to electric shocks. (rElec)
You are resistant to unholy torment.
You are immune to petrification.


Message History

Press: ? - help, Shift-Dir - straight line, f/p - death yak
Aim: a death yak (severely wounded, 92% to hit)
You feel a surge of power!
The stone arrow misses the death yak.
The stone arrow hits the death yak!
The death yak is lightly wounded.
The death yak bellows!
The death yak gores you but does no damage.
Casting: Stone Arrow (safe; 1% risk of failure)
Confirm with . or Enter, or press ? or * to list all spells.
Aiming: Stone Arrow (safe; 1% risk of failure)
Press: ? - help, Shift-Dir - straight line, f/p - death yak
Aim: a death yak (heavily wounded, 92% to hit)
You feel a surge of power!
The stone arrow hits the death yak!
The death yak is severely wounded.
You block the death yak's attack.
You fail to use your ability.
The death yak bellows!
You hear a bellow!
The death yak closely misses you. The death yak attacks as you move away!
The death yak gores you but does no damage.
The death yak attacks as you move away! The death yak gores you!
Okay, then.
The death yak attacks as you move away! The death yak closely misses you.
The death yak attacks as you move away! The death yak gores you.
The death yak attacks as you move away! The death yak closely misses you.
The death yak attacks as you move away! You block the death yak's attack.
There is a stone staircase leading up here.
The death yak gores you!
You climb upwards.
There is a stone staircase leading down, spattered with blood here.
The death yak attacks as you move away! The death yak gores you!!
The death yak attacks as you move away!
The death yak gores you but does no damage.
The death yak attacks as you move away! The death yak gores you!
* * * LOW HITPOINT WARNING * * *
As you read the scroll of teleportation, it crumbles to dust.
You feel strangely unstable. The death yak gores you!
* * * LOW HITPOINT WARNING * * *
The death yak gores you!
You die...

####~.##.....###.......#
##≈..................##
#≈~.#.................#
####~.###...#.#........##
≈#≈#~.###.###..........#
≈≈≈≈~........<.........##
~~≈~~......)............#
.......................##
..#.#...........@Y.....##
###########......Y......#
~~~~~~~~~~###...........#
#######~~~~~~......>...##
~~~##########..........#
##~~~~~#...............#
~~###########..........#
~~# ###~~~#####......#
~~#####~~~~~~~~~###....##


You could see 2 death yaks.

Vanquished Creatures
  2 hydras (Lair:2)
  Pikel (D:9)
  2 orc knights
  An orc sorcerer (D:10)
  An ugly thing (D:10)
  3 elephants (Lair:1)
  Maurice (D:9)
  A black mamba (Lair:2)
  A kobold demonologist (D:10)
  5 cane toads
  4 komodo dragons
  2 hornets (D:9)
  A troll (D:10)
  4 dream sheep (Lair:2)
  Sigmund (D:2)
  3 wraiths
  2 wyverns
  24 yaks
  A vampire (D:10)
  A basilisk (Lair:1)
  2 steam dragons
  A warg (D:10)
  An acid dragon (D:9)
  5 water moccasins
  An ice beast (D:3)
  A sky beast (D:6)
  A black bear (D:3)
  9 orc warriors
  2 ogres
  4 wolves (Lair:2)
  6 centaurs
  3 phantoms
  4 kobold brigands
  A lemure (D:9)
  2 bullfrogs
  A scorpion (D:4)
  3 necrophages
  A gnoll sergeant (D:8)
  4 elf skeletons (D:6)
  4 water moccasin zombies (Ossuary)
  4 wights (D:9)
  20 killer bees
  4 electric eels (Lair:2)
  4 orc priests
  2 gnoll boudas
  5 hounds
  A jelly (D:6)
  6 orc wizards
  Ijyb (D:4)
  3 iguanas
  2 human skeletons (D:6)
  2 mummies (Ossuary)
  12 gnolls
  6 adders
  2 shadow imps (D:6)
  A white imp (D:7)
  An adder zombie (Ossuary)
  3 worms
  3 dart slugs
  29 orcs
  3 bats
  5 endoplasms
  3 giant cockroaches
  2 goblins (D:1)
  5 hobgoblins
  9 quokkas
  7 ball pythons
  9 frilled lizards
  2 gnoll zombies (Ossuary)
  5 hobgoblin zombies (Ossuary)
  24 kobolds
  6 kobold zombies (Ossuary)
  3 orc skeletons (D:6)
  8 orc zombies
  5 rats
324 creatures vanquished.

Vanquished Creatures (collateral kills)
  An orc (Bailey)
1 creature vanquished.

Vanquished Creatures (others)
  6 fungi
  88 plants
94 creatures vanquished.

Grand Total: 419 creatures vanquished

Notes
Turn   | Place    | Note
-------+----------+-------------------------------------------
     0 | D:1      | raph the Gargoyle Earth Elementalist began the quest for
                  | the Orb.
     0 | D:1      | Reached XP level 1. HP: 10/10 MP: 3/3
    76 | D:1      | Reached skill level 4 in Earth Magic
   138 | D:1      | Reached XP level 2. HP: 13/15 MP: 1/5
   689 | D:1      | Learned a level 2 spell: Passwall
  1039 | D:1      | Reached skill level 5 in Earth Magic
  1039 | D:1      | Reached XP level 3. HP: 19/19 MP: 3/6
  1043 | D:1      | Learned a level 3 spell: Stone Arrow
  1663 | D:2      | Reached skill level 1 in Conjurations
  1749 | D:2      | Noticed Sigmund
  1752 | D:2      | Killed Sigmund
  1753 | D:2      | Reached skill level 6 in Earth Magic
  1753 | D:2      | Reached XP level 4. HP: 13/24 MP: 1/7
  1753 | D:2      | Reached XP level 5. HP: 15/28 MP: 1/8
  2239 | D:2      | Found a faded altar of an unknown god.
  2247 | D:2      | Got Plato's Papyrus of Wanderlust
  2425 | D:3      | Found a basalt altar of Yredelemnul.
  2428 | D:3      | Reached XP level 6. HP: 32/32 MP: 7/9
  2535 | D:3      | Found a stormy altar of Qazlal.
  2585 | D:3      | Noticed a black bear
  2593 | D:3      | Killed a black bear
  2594 | D:3      | Reached skill level 7 in Earth Magic
  3377 | D:3      | Found a sparkling altar of Nemelex Xobeh.
  3425 | D:3      | Noticed an ice beast
  3493 | D:3      | Killed an ice beast
  3494 | D:3      | Reached XP level 7. HP: 36/36 MP: 6/10
  3640 | D:4      | Reached skill level 5 in Conjurations
  3941 | D:3      | Learned a level 4 spell: Petrify
  4323 | D:4      | Noticed Ijyb
  4339 | D:4      | Killed Ijyb
  4340 | D:4      | Reached skill level 8 in Earth Magic
  4817 | D:4      | Reached XP level 8. HP: 41/41 MP: 7/12
  5115 | D:5      | Entered Level 5 of the Dungeon
  5298 | D:5      | Found Hahouhel's Jewellery Shoppe.
  5372 | D:5      | Found Wavio's Assorted Antiques.
  5380 | D:5      | Bought a scroll of identify for 50 gold pieces
  5380 | D:5      | Bought a scroll of identify for 50 gold pieces
  5380 | D:5      | Bought a scroll labelled JEDEAG RIXACU for 25 gold pieces
  5562 | D:5      | Reached skill level 1 in Shields
  5896 | D:5      | Reached skill level 1 in Fighting
  6119 | D:5      | Found a white marble altar of Elyvilon.
  6995 | D:6      | Reached skill level 9 in Earth Magic
  7042 | D:6      | Found a shimmering blue altar of Sif Muna.
  7049 | D:6      | Became a worshipper of Sif Muna the Loreminder
  7064 | D:6      | Found a blossoming altar of Fedhas.
  7201 | D:6      | Reached XP level 9. HP: 38/48 MP: 12/15
  7225 | D:6      | Found a sand-covered staircase.
  7230 | Ossuary  | Entered an ossuary
  7302 | Ossuary  | Learned a level 3 spell: Conjure Flame
  7322 | Ossuary  | Reached * piety under Sif Muna
  8674 | D:5      | Bought 3 scrolls of identify for 150 gold pieces
  9161 | D:7      | Reached skill level 1 in Invocations
 10053 | D:7      | Found a sacrificial altar of Ru.
 10084 | D:7      | Found a radiant altar of Vehumet.
 10190 | D:7      | Found a staircase to the Ecumenical Temple.
 10444 | D:8      | Reached skill level 5 in Spellcasting
 10604 | D:8      | Found a flagged portal.
 10668 | Bailey   | Entered a bailey
 10956 | Bailey   | Learned a level 3 spell: Inner Flame
 10983 | Bailey   | Reached ** piety under Sif Muna
 10984 | Bailey   | Reached XP level 10. HP: 10/56 MP: 5/17
 11509 | Bailey   | Reached skill level 10 in Earth Magic
 11791 | Bailey   | Noticed an orc knight
 11828 | Bailey   | Killed an orc knight
 12120 | Bailey   | Acquired a staff of conjuration
 12685 | D:8      | Reached skill level 5 in Fighting
 12986 | D:8      | Found a broken altar of Ashenzari.
 13085 | D:8      | Reached skill level 5 in Shields
 13227 | D:8      | Learned a level 4 spell: Flame Wave
 13432 | D:9      | Noticed Pikel
 13451 | D:9      | Killed Pikel
 14083 | D:9      | Reached XP level 11. HP: 63/65 MP: 7/20
 14142 | D:9      | Reached skill level 1 in Transmutations
 14304 | D:9      | Reached skill level 11 in Earth Magic
 14528 | D:9      | Reached *** piety under Sif Muna
 14696 | D:9      | Reached skill level 5 in Invocations
 14700 | D:9      | Reached skill level 5 in Dodging
 15039 | D:9      | Noticed Maurice
 15050 | D:9      | Paralysed by something for 4 turns
 15055 | D:9      | Killed Maurice
 15338 | D:10     | Entered Level 10 of the Dungeon
 16314 | D:10     | Noticed an orc sorcerer
 16316 | D:10     | Noticed an orc knight
 16737 | D:10     | Learned a level 3 spell: Call Canine Familiar
 16742 | D:10     | Noticed a red ugly thing
 16755 | D:10     | Killed a red ugly thing
 16755 | D:10     | Reached **** piety under Sif Muna
 16969 | D:10     | Found a staircase to the Lair.
 17109 | D:10     | Killed an orc sorcerer
 17110 | D:10     | Reached skill level 1 in Summonings
 17133 | D:10     | Killed an orc knight
 17459 | Lair:1   | Entered Level 1 of the Lair of Beasts
 17838 | Lair:1   | Reached XP level 12. HP: 59/75 MP: 4/22
 18495 | Lair:2   | Noticed a four-headed hydra
 18507 | Lair:2   | Killed a four-headed hydra
 18907 | Lair:2   | Found a staircase to the Snake Pit.
 20422 | Snake:1  | Entered Level 1 of the Snake Pit
 20460 | Lair:3   | Noticed an eight-headed hydra
 20477 | Lair:2   | Killed an eight-headed hydra
 20478 | Lair:2   | Reached skill level 12 in Earth Magic
 20616 | Lair:3   | Noticed Snorg
 20888 | Lair:2   | Reached skill level 10 in Conjurations
 21007 | Lair:3   | Noticed a death yak
 21008 | Lair:3   | Noticed a death yak
 21008 | Lair:3   | Noticed a death yak
 21008 | Lair:3   | Noticed a death yak
 21009 | Lair:3   | Noticed a death yak
 21009 | Lair:3   | Noticed a death yak
 21430 | Lair:3   | Found a staircase to the Shoals.
 21479 | Lair:2   | Mangled by a death yak

Illustrated notes

Levels and vault maps discovered:
D:1:      lemuel_arrival_tunnels, layout_loops_corners, minmay_small_reverse_x
D:2:      layout_rooms, shapermc_ecumenical_altar_rom_forum,
          hangedman_decor_points, uniq_sigmund
D:3:      layout_loops_cross, old_standard_altar, general_overflow_altar,
          yredelemnul_altar_generic, chequers_serial_rivers_micro_a
D:4:      layout_rooms, uniq_ijyb
D:5:      cheibrodos_helix_gallery, layout_loops_ring, elyvilon_altar_1,
          serial_shops, nicolae_shop_window_shopping, nicolae_shop_hallway_plus,
          serial_co_window_serial, co_window_of_opportunity_a,
          co_window_of_opportunity_a, co_window_paths_b, co_window_corner_a,
          co_window_of_opportunity_a, co_window_of_opportunity_c,
          co_window_unsneaky_path_e, co_window_broadway_c, co_window_2corner,
          co_window_broadway_b, co_window_of_opportunity_b, glass_columns_a,
          kennysheep_generic_room_6
D:6:      layout_basic, mainiacjoe_overflow_large_starburst,
          nicolae_ossuary_entry_catacombs
D:7:      layout_basic, mainiacjoe_overflow_two_lobes,
          minmay_temple_entry_poolview
D:8:      layout_gridville, lemuel_tele_altar, enter_bailey_8,
          amcnicky_mini_pool_medium
D:9:      layout_roguey, minmay_misc_feat_plants, uniq_pikel, uniq_maurice
D:10:     layout_loops_cross, dpeg_oklobed_lair
Lair:1:   layout_misc_corridors
Lair:2:   layout_gridlike, dummy_snake_entry, serial_bayou,
          serial_bayou_shore_b, serial_bayou_lagoon_a, serial_bayou_lagoon_b,
          serial_bayou_lake_a, serial_bayou_pond_b, serial_bayou_pond_e,
          chequers_serial_rivers_large_b
Lair:3:   layout_cave_pods, shoals_dummy_entry, eino_house_with_fridge,
          uniq_snorg
Snake:1:  layout_layer_cave, minmay_shop_grove, uniq_frances, uniq_donald,
          uniq_agnes

Skill      XL: |  1  2  3  4  5  6  7  8  9 10 11 12 |
---------------+-------------------------------------+-----
Earth Magic    | 4 5 6 7 8 9 10 11 12 | 12.1
Conjurations   | 3 4 6 7 8 9 10 | 10.0
Spellcasting   | 3 4 5 6 7 |  7.5
Shields        | 2 4 5 |  5.0
Fighting       | 2 4 6 8 9 |  9.8
Dodging        | 2 3 4 5 6 |  6.2
Invocations    | 2 4 6 7 |  7.0
Transmutations | 2 |  2.2
Summonings     | 2 4 |  4.7
Stealth        | |  2.1

Action                   |  1- 3 |  4- 6 |  7- 9 | 10-12 || total
-------------------------+-------+-------+-------+-------++-------
Melee: Whip              |     2 |     1 |    45 |     9 ||    57
       Staff             |       |       |       |    49 ||    49
 Cast: Sandblast         |    42 |    41 |   155 |   102 ||   340
       Stone Arrow       |     2 |     7 |    45 |   175 ||   229
       Petrify           |       |       |    22 |    55 ||    77
       Passwall          |       |       |     6 |     1 ||     7
       Conjure Flame     |       |       |    12 |     2 ||    14
       Inner Flame       |       |       |     1 |    27 ||    28
       Flame Wave        |       |       |       |    14 ||    14
Invok: Channel Magic     |       |       |       |    10 ||    10
Evoke: Box of beasts     |       |       |       |     1 ||     1
       Wand              |       |       |       |     3 ||     3
  Use: Scroll            |       |    14 |     9 |     5 ||    28
 Stab: Petrified         |       |       |    13 |    13 ||    26
Armor: Robe              |     5 |    12 |    61 |    25 ||   103
       Steam dragon scal |       |       |       |    71 ||    71
Dodge: Dodged            |    15 |    17 |    81 |   169 ||   282
Block: Buckler           |       |       |    13 |    64 ||    77
